 Dungeon Crawl Stone Soup version 0.27.1-34-g3ba077fa99 (webtiles) character file.

Game seed: 5036158355091577000

620 pkoi the Grappler (level 7, -8/52 HPs)
             Began as a Grey Draconian Monk on Jan 7, 2022.
             Was a Believer of Hepliaklqana.
             Mangled by an ogre (26 damage)
             ... on level 6 of the Dungeon.
             The game lasted 00:04:54 (3897 turns).

pkoi the Grappler (Grey Draconian Monk)             Turns: 3897, Time: 00:04:55

Health: -8/52      AC: 13    Str: 19 (20) XL:     7   Next: 22%
Magic:  7/7        EV: 12    Int: 12      God:    Hepliaklqana [**....]
Gold:   169        SH:  0    Dex: 13      Spells: 6/6 levels left

rFire    . . .     SeeInvis +     - Unarmed
rCold    . . .     Faith    .   (no shield)
rNeg     . . .     Spirit   .   (armour unavailable)
rPois    .         Reflect  .   (helmet restricted)
rElec    .         Harm     .   a - +1 cloak
rCorr    .         Rampage  .   (no gloves)
Will     .....                  (no boots)
Stlth    ++........             (no amulet)
HPRegen  0.17/turn              g - +6 ring of strength
MPRegen  0.10/turn              h - ring of see invisible

@: no status effects
A: reduced essence, AC +11, amphibious, unfitting armour, cold-blooded
a: Renounce Religion, Recall Ancestor, Ancestor Identity


You were on level 6 of the Dungeon.
You worshipped Hepliaklqana.
Hepliaklqana was pleased with you.
You visited 1 branch of the dungeon, and saw 5 of its levels.

You collected 169 gold pieces.

Inventory:

Hand Weapons
 m - a +0 rapier
Missiles
 b - 3 boomerangs of dispersal (quivered)
Armour
 a - a +1 cloak (worn)
Jewellery
 g - a +6 ring of strength (left hand)
 h - a ring of see invisible (right hand)
Scrolls
 d - a scroll of identify
 i - a scroll of magic mapping
Potions
 c - a potion of flight
 e - 2 potions of might
 f - a potion of heal wounds
 j - a potion of berserk rage


   Skills:
 + Level 3.7 Fighting
 - Level 3.0 Dodging
 - Level 1.7 Stealth
 * Level 8.2 Unarmed Combat


You had 6 spell levels left.
You didn't know any spells.
Your spell library contained the following spells:

 Spells                   Type           Power      Damage    Failure   Level
 Animate Skeleton         Necr           0%         N/A       32%         1
 Apportation              Tloc           0%         N/A       32%         1
 Corona                   Hex            0%         N/A       32%         1
 Summon Small Mammal      Summ           0%         N/A       32%         1
 Call Canine Familiar     Summ           0%         N/A       69%         3
 Portal Projectile        Hex/Tloc       0%         N/A       69%         3
 Leda's Liquefaction      Hex/Erth       0%         N/A       97%         4


Dungeon Overview and Level Annotations

Branches:
Dungeon (4/15)
 Temple: D:4-7

Altars:
Hepliaklqana
Makhleb
Okawaru
Vehumet
Wu Jian

Shops:
D:2 [[(*

Annotations:
D:3 4 runed translucent doors, Crazy Yiuf; Sigmund; squill's ghost, amateur HOFE


Innate Abilities, Weirdness & Mutations

Your life essence is reduced to manifest your ancestor. (-10% HP)
Your dull iron-grey scales are very hard. (AC +11)
You are amphibious.
You cannot fit into any form of body armour.
You are cold-blooded and may be slowed by cold attacks.


Message History

You learn Air Magic much slower.
You learn Earth Magic much quicker.
Cammy remembers more of her old skill.
You barely miss the ufetubus.
The ufetubus hits you but does no damage.
The ufetubus hits you.
* * * LOW HITPOINT WARNING * * *
Cammy barely misses the ufetubus.
Unknown command.
You punch the ufetubus!
You kill the ufetubus!
The hound barely misses you.
Unknown command.
You barely miss the hound. You tail-slap the hound.
The hound is lightly wounded.
The hound barely misses you.
Cammy misses the hound.
Unknown command.
You hit the hound.
Your tail-slap misses the hound.
The hound is moderately wounded.
The hound completely misses you.
Cammy hits the hound with a +0 flail!
Unknown command.
You closely miss the hound.
The hound is severely wounded.
The hound closely misses you.
Cammy hits the hound with a +0 flail!
The hound dies!
You feel your dexterity returning.
Training target 3.0 for Dodging reached!
Your Dodging skill increases to level 3!
What are your orders? t - Shout!
Orders for allies: a - Attack new target. r - Retreat! s - Stop attacking. g - Guard the area. f - Follow me.
Anything else - Cancel.
Gang up on whom?
Press: ? - help, Dir - move target, f - ogre
Aim: an ogre, wielding a +0 giant club Attack!
Cammy completely misses the ogre.
The ogre hits you with a +0 giant club!!
Ouch! That really hurt!
You die...

... .... ... ..
##########.# .
.♣.♣.♣.♣.#.# ...
...........# #####.....
.8.♣.8.♣...# ###RO..(....
#########.####..@###.....
..#####.R#.....### ...
...#....##.##### #
...........# ##.#....####
##.#.[..# ##.#....#
.#.#....# ........#


You could see the friendly Cammy the knight and an ogre (ally target).

Vanquished Creatures
  A hound (D:3)
  A bullfrog skeleton (D:3)
  Jessica (D:3)
  Natasha (thrice) (D:2)
  An orc wizard (D:3)
  2 adders (D:2)
  An ufetubus (D:6)
  2 worms
  An orc (D:3)
  6 ball pythons
  5 bats
  5 endoplasms
  3 giant cockroaches
  5 goblins
  13 hobgoblins
  3 quokkas
  6 frilled lizards
  2 kobolds (D:1)
  5 rats
66 creatures vanquished.

Vanquished Creatures (collateral kills)
  A sky beast (D:6)
  An ogre (D:6)
  A centaur (D:6)
  A hound (D:6)
  An orc priest (D:3)
  An iguana (D:6)
  An orc (D:3)
  An endoplasm (D:3)
  A giant cockroach (D:3)
9 creatures vanquished.

Vanquished Creatures (others)
  2 plants (D:2)
2 creatures vanquished.

Grand Total: 77 creatures vanquished

Notes
Turn   | Place    | Note
-------+----------+-------------------------------------------
     0 | D:1      | pkoi the Draconian Monk began the quest for the Orb.
     0 | D:1      | Reached XP level 1. HP: 19/19 MP: 1/1
   184 | D:1      | Reached XP level 2. HP: 26/26 MP: 2/2
   505 | D:1      | Found a faded altar of an unknown god.
   844 | D:2      | Found Idoghomiago's Armour Emporium.
   906 | D:2      | Reached skill level 4 in Unarmed Combat
   957 | D:2      | Found an ornate altar of the Wu Jian Council.
   967 | D:2      | Reached XP level 3. HP: 31/31 MP: 3/3
  1097 | D:2      | Found Geostrir's Assorted Antiques.
  1485 | D:2      | Found Burumaur's Weapon Shoppe.
  1529 | D:2      | Noticed Natasha
  1539 | D:2      | Killed Natasha
  1540 | D:2      | Reached skill level 5 in Unarmed Combat
  1540 | D:2      | Reached XP level 4. HP: 15/38 MP: 4/4
  1740 | D:2      | Noticed Natasha
  1748 | D:2      | Killed Natasha
  1817 | D:2      | Noticed Natasha
  1882 | D:2      | Killed Natasha
  1883 | D:2      | Reached XP level 5. HP: 33/45 MP: 5/5
  1995 | D:2      | Found Acill's Armour Shop.
  2147 | D:3      | Noticed Jessica
  2149 | D:3      | Killed Jessica
  2150 | D:3      | Reached skill level 6 in Unarmed Combat
  2243 | D:3      | Noticed Sigmund
  2579 | D:3      | Noticed squill's ghost (amateur HOFE)
  2584 | D:3      | Found an iron altar of Okawaru.
  2584 | D:3      | Found a hazy altar of Hepliaklqana.
  2584 | D:3      | Found a burning altar of Makhleb.
  2594 | D:3      | Became a worshipper of Hepliaklqana the Forgotten
  2594 | D:3      | Reached * piety under Hepliaklqana
  2594 | D:3      | Reached ** piety under Hepliaklqana
  2595 | D:3      | Remembered your ancestor Cammy as a knight
  2613 | D:3      | Reached XP level 6. HP: 13/45 MP: 6/6
  2889 | D:3      | Found a runed translucent gate.
  2889 | D:3      | Found a runed translucent gate.
  2889 | D:3      | Found a runed translucent gate.
  2909 | D:3      | Found a radiant altar of Vehumet.
  2975 | D:3      | Reached skill level 7 in Unarmed Combat
  3251 | D:3      | Found a runed translucent door.
  3252 | D:3      | Noticed Crazy Yiuf
  3501 | D:4      | You fall into a shaft and drop 2 floors!
  3501 | D:6      | Noticed a sky beast
  3509 | D:6      | Killed a sky beast
  3892 | D:6      | Reached skill level 8 in Unarmed Combat
  3892 | D:6      | Your scales start taking on a dull iron-grey colour.
  3892 | D:6      | Reached XP level 7. HP: 20/51 MP: 7/7
  3897 | D:6      | Mangled by an ogre

Illustrated notes

Levels and vault maps discovered:
D:1:      wheals_arrival_linesprint, layout_basic,
          shapermc_ecumenical_altar_pompeii, serial_park_tiny_2
D:2:      minmay_chambers_of_ones, layout_rooms, serial_shops,
          nicolae_lakefront_shop, nicolae_shop_trees, nicolae_diamond_shop,
          nicolae_shop_overgrown_old_shop, basic_altar, minmay_misc_feat_x,
          uniq_natasha
D:3:      layout_loops_ring, mainiacjoe_overflow_alcove_4,
          chequers_temple_overflow_statue_of_worship, gammafunk_ghost_icy,
          palyth_stone_intersect, minmay_door_square, uniq_sigmund,
          uniq_crazy_yiuf_cottage, uniq_jessica
D:4:      layout_basic, mainiacjoe_overflow_swirl, uniq_eustachio, uniq_purgy,
          uniq_ijyb
D:6:      layout_rooms, chequers_avenue

Skill      XL: |  1  2  3  4  5  6  7 |
---------------+----------------------+-----
Unarmed Combat | 4 5 6 8 |  8.2
Dodging        | 3 |  3.0
Fighting       | |  3.7
Stealth        | |  1.7

Action                   |  1- 3 |  4- 6 |  7- 9 || total
-------------------------+-------+-------+-------++-------
Melee: Unarmed           |   108 |    86 |     5 ||   199
       Tailslap          |    12 |    11 |     1 ||    24
       Punch             |       |     7 |       ||     7
Invok: Ancestor Identity |       |     2 |       ||     2
       Ancestor Life: Kn |       |     1 |       ||     1
       Recall Ancestor   |       |     1 |       ||     1
  Use: Scroll            |       |     8 |       ||     8
       Potion            |       |     2 |       ||     2
 Stab: Sleeping          |     5 |     7 |       ||    12
Armor: Skin              |    28 |    29 |     1 ||    58
Dodge: Dodged            |    43 |    41 |     4 ||    88
